 Dungeon Crawl Stone Soup version 0.26.0-7-g794d0892b4 (webtiles) character file.

Game seed: 1529980503450445088

82 Foxy the Ducker (level 4, 34/34 HPs)
             Began as a Demonspawn Gladiator on Jan 10, 2021.
             Quit the game on level 2 of the Dungeon.
             The game lasted 00:01:55 (2253 turns).

Foxy the Ducker (Demonspawn Gladiator)              Turns: 2253, Time: 00:01:56

Health: 34/34      AC:  5    Str: 15    XL:     4   Next: 21%
Magic:  4/4        EV: 13    Int: 10    God:
Gold:   92         SH:  0    Dex: 14    Spells: 3/3 levels left

rFire    . . .     SeeInvis .     - Unarmed
rCold    . . .     Faith    .   (no shield)
rNeg     . . .     Spirit   .   b - +0 leather armour
rPois    .         Reflect  .   c - +0 helmet
rElec    .         Harm     .   m - +0 cloak
rCorr    .         Rampage  .   (no gloves)
Will     .....                  (no boots)
Stlth    +.........             (no amulet)
HPRegen  0.11/turn              (no ring)
MPRegen  0.09/turn              (no ring)

@: no status effects
A: claws 1
a: no special abilities


You were on level 2 of the Dungeon.
You visited 1 branch of the dungeon, and saw 3 of its levels.

You collected 92 gold pieces.

Inventory:

Missiles
 d - 5 throwing nets (quivered)
Armour
 b - a +0 leather armour (worn)
 c - a +0 helmet (worn)
 m - a +0 cloak (worn)
Scrolls
 a - a scroll of random uselessness {unknown}
 e - a scroll of fear {unknown}
 f - a scroll of enchant armour {unknown}
 h - a scroll of remove curse {unknown}
 j - a scroll of amnesia {unknown}
 l - a scroll of enchant weapon {unknown}
Potions
 g - a potion of heal wounds {unknown}
 i - a potion of lignification {unknown}
 k - a potion of curing {unknown}


   Skills:
 + Level 2.4 Fighting
 - Level 2.9 Short Blades
 - Level 1.7 Throwing
 + Level 3.3 Dodging
 * Level 2.2 Unarmed Combat


You had 3 spell levels left.
You didn't know any spells.
Your spell library was empty.

Dungeon Overview and Level Annotations

Branches:
Dungeon (3/15)

Altars:
Nemelex Xobeh
Trog
Uskayaw


Innate Abilities, Weirdness & Mutations

You have sharp fingernails.


Message History

Unknown command.
The orc wizard hits you with a +0 dagger.
There is a stone staircase leading up here.
You climb upwards.
There is a stone staircase leading down here.
Unknown command.
You scratch the orc wizard.
The orc wizard is almost dead.
The orc wizard gestures at you while chanting.
The magic dart hits you!
* * * LOW HITPOINT WARNING * * *
You scratch the orc wizard.
You kill the orc wizard!
Your Unarmed Combat skill increases to level 2!
You have reached level 4!
You feel clever.
You start resting.
HP restored.
Unknown command.
Are you sure you want to abandon this character and quit the game? (Confirm with "yes".)

#.####.###.###.#
#............#.###
########..###.##........#
#.........###.##........#
#.######..<...##>.#.##..#
#.# #########..#..#..#
#.# ######### #..##.#..#
#.# #.......# #.)......#
#.# #.......# #@......##
#.# #.......# #####.###
..# #......)# #...# ###
#.......# #.### ####
#.......# #.# ...#
#.......# #.# ##.#
#.##....# #.# ##.#
#.#####.# #.# .#.#
#.......# #.#


There were no monsters in sight!

Vanquished Creatures
  An orc wizard (D:2)
  2 adders (D:2)
  3 dart slugs
  3 bats
  A giant cockroach (D:1)
  3 goblins
  4 hobgoblins
  3 jackals (D:2)
  3 kobolds (D:1)
  A frilled lizard (D:1)
  A quokka skeleton (D:2)
  5 rats
30 creatures vanquished.

Notes
Turn   | Place    | Note
-------+----------+-------------------------------------------
     0 | D:1      | Foxy the Demonspawn Gladiator began the quest for the Orb.
     0 | D:1      | Reached XP level 1. HP: 16/16 MP: 1/1
   421 | D:1      | Gained mutation: You have sharp fingernails. [demonic
                  | ancestry]
   421 | D:1      | Reached XP level 2. HP: 16/22 MP: 2/2
   423 | D:1      | Reached skill level 3 in Dodging
  1210 | D:2      | Found a sparkling altar of Nemelex Xobeh.
  1211 | D:2      | Found a hide-covered altar of Uskayaw.
  1211 | D:2      | Found a bloodstained altar of Trog.
  1284 | D:2      | Reached skill level 1 in Unarmed Combat
  1284 | D:2      | Reached XP level 3. HP: 27/27 MP: 3/3
  1976 | D:2      | Reached XP level 4. HP: 3/34 MP: 4/4
  2253 | D:2      | Quit the game

Illustrated notes

Levels and vault maps discovered:
D:1:      minmay_arrival_solitary_statue, layout_loops_cross
D:2:      layout_loops_cross, chequers_temple_overflow_statue_of_worship,
          kennysheep_boxes
D:3:      layout_basic, nicolae_overflow_hidden_temple, minivault_27,
          uniq_crazy_yiuf_cottage

Skill      XL: |  1  2  3 |
---------------+----------+-----
Dodging        | 3 |  3.3
Unarmed Combat | 1 2 |  2.2
Fighting       | |  2.4
Short Blades   | |  2.9
Throwing       | |  1.7

Action                   |  1- 3 |  4- 6 || total
-------------------------+-------+-------++-------
Melee: Rapier            |    25 |       ||    25
       Unarmed           |   117 |       ||   117
Armor: Leather armour    |    39 |       ||    39
Dodge: Dodged            |   110 |       ||   110
